[Event "*** Titled Tuesday Blitz"]
[Site "Chess.com"]
[Date "2020.10.27"]
[Round "6"]
[White "rasmussvane"]
[Black "Yashasd1995"]
[Result "0-1"]
[WhiteElo "2849"]
[BlackElo "2554"]
[TimeControl "180+1"]
[EndTime "11:07:26 PDT"]
[Termination "Yashasd1995 won on time"]

1. Nf3 Nf6 2. g3 d5 3. Bg2 Nbd7 4. d4 e6 5. c4 c6 6. Nbd2 Be7 7. O-O O-O 8. Qc2 b6 9. e4 a5 10. Rd1 Ba6 11.
e5 Ne8 12. cxd5 cxd5 13. Nf1 Rc8 14. Qd2 b5 15. h4 b4 16. Ne3 Nb6 17. h5 Nc4 18.
Qe1 Nxe3 19. Bxe3 Rc2 20. Rd2 Rxd2 21. Qxd2 Nc7 22. h6 g6 23. Rc1 Bc4 24. b3 Ba6 25. Bg5 Bxg5 26. Nxg5 Nb5 27. Rc6 Bb7 28. Rc5 Nxd4 29. Nxh7 Nxb3 30. axb3 Kxh7 31. Qc1 Re8 32. Qf4 Re7 33. g4 Rd7 34. g5 d4 35. Bxb7 Rxb7 36.
Rxa5 d3 37. Ra2 Rd7 38. Rd2 Rd4 39. Qg3 Qd5 40. f4 Qxb3 41. Qf3 Qd5 42. Qf2 Qe4 43. Qg3 b3 44. Qf2 Rc4 45. Qa7 Rc1+ 46. Kf2 Qxf4+ 47. Kg2 Qxd2+ 0-1

[Event "*** Titled Tuesday Blitz"]
[Site "Chess.com"]
[Date "2020.10.27"]
[Round "6"]
[White "Casper_Schoppen"]
[Black "crescentmoon2411"]
[Result "0-1"]
[WhiteElo "2944"]
[BlackElo "2865"]
[TimeControl "180+1"]
[EndTime "11:07:27 PDT"]
[Termination "crescentmoon2411 won by checkmate"]

1. c4 Nf6 2. Nc3 c5 3. g3 Nc6 4. Bg2 g6 5. Nf3 d6 6. d4 cxd4 7. Nxd4 Bd7 8. O-O h5 9. Bg5 Bg7 10. Rc1 Rc8 11. b3 h4 12. Bxh4 Nh7 13. Nxc6 bxc6 14.
f4 Qb6+ 15. Kh1 Bf6 16. c5 Qa5 17. Ne4 Bxh4 18. gxh4 d5 19. Qd4 f6 20. Nc3 Nf8 21. b4 Qc7 22. e4 dxe4 23. Nxe4 Kf7 24. Rce1 Ne6 25. Ng5+ Nxg5 26. fxg5 Bf5 27. Re3 Rcd8 28. Qc4+ Kg7 29. Rfe1 e6 30. Qc3 Rxh4 31. Qxf6+ Kh7 32. h3 Rxb4 33. Rxe6 Bxe6 34. Rxe6 Rb1+ 35. Bf1 Qg7 36.
Re7 Rxf1+ 37. Qxf1 Qxe7 38. Qf4 Rd1+ 39. Kg2 Qe2+ 40.
Kg3 Rd3+ 41. Kh4 Qh5# 0-1

[Event "*** Titled Tuesday Blitz"]
[Site "Chess.com"]
[Date "2020.10.27"]
[Round "6"]
[White "scarabee43"]
[Black "fireheart92"]
[Result "1/2-1/2"]
[WhiteElo "2546"]
[BlackElo "2854"]
[TimeControl "180+1"]
[EndTime "11:07:28 PDT"]
[Termination "Game drawn by repetition"]

1. Nf3 Nf6 2. c4 c5 3. Nc3 Nc6 4. e3 e6 5. d4 d5 6. cxd5 exd5 7. Bb5 cxd4 8. Nxd4 Bd7 9. O-O Bd6 10. Nf3 Bg4 11. b3 O-O 12. Bb2 Rc8 13. Rc1 d4 14. exd4 Bf4 15.
Rb1 Nd5 16. Be2 Re8 17. h3 Bh5 18. Nxd5 Qxd5 19. Bc4 Qf5 20. d5 Ne5 21. Bxe5 Bxe5 22. Qd3 Qxd3 23. Bxd3 Bxf3 24. gxf3 Rc3 25. Be4 Bf4 26.
Rfd1 Rd8 27. d6 b6 28. d7 Rc7 29. Rd4 Rdxd7 30. Rbd1 Rxd4 31. Rxd4 g5 32. Kg2 Kg7 33.
b4 h5 34. b5 h4 35. Bc6 Re7 36. Kf1 Kf6 37. Rd8 Re5 38. Rd7 Rc5 39. Rxa7 Rc1+ 40. Kg2 Rc2 41. Kf1 Rc1+ 42. Kg2 Rc2 43. Kf1 Rc1+ 1/2-1/2

[Event "*** Titled Tuesday Blitz"]
[Site "Chess.com"]
[Date "2020.10.27"]
[Round "6"]
[White "MFBerna"]
[Black "AldokhinIvan"]
[Result "0-1"]
[WhiteElo "2365"]
[BlackElo "2572"]
[TimeControl "180+1"]
[EndTime "11:07:29 PDT"]
[Termination "AldokhinIvan won on time"]

1. c4 Nf6 2. Nf3 g6 3. g3 Bg7 4. Bg2 d6 5. O-O O-O 6. b3 Nc6 7. Bb2 e5 8. d4 e4 9. Ne1 Qe7 10.
d5 Ne5 11. Nc2 h5 12. Ne3 Nfg4 13. Nxg4 hxg4 14. Qd2 f5 15. Nc3 Kh7 16. Nb5 a6 17. Nd4 Bd7 18. Rac1 Rae8 19. Qc2 Bh6 20. Rcd1 e3 21. f4 gxf3 22. Nxf3 Ng4 23. b4 Nf2 24. Rd4 Ne4 25. Rc1 Ng5 26. Rh4 Nxf3+ 27. Bxf3 f4 28. Qc3 Qe5 29. Qxe5 dxe5 30. Be4 Bf5 31. Bxf5 Rxf5 32. c5 g5 33. Rg4 Kg6 34. Rd1 e4 35. d6 f3 36. Rxe4 fxe2 37. Re1 Rxe4 38. Rxe2 g4 39.
dxc7 Rf8 0-1

[Event "*** Titled Tuesday Blitz"]
[Site "Chess.com"]
[Date "2020.10.27"]
[Round "6"]
[White "GOGIEFF"]
[Black "Bigfish1995"]
[Result "1-0"]
[WhiteElo "2896"]
[BlackElo "3008"]
[TimeControl "180+1"]
[EndTime "11:07:30 PDT"]
[Termination "GOGIEFF won by resignation"]

1. d4 d5 2. c4 e6 3. Nc3 h6 4. Nf3 Nf6 5. cxd5 exd5 6. Bf4 c6 7. e3 Bf5 8. Be2 Nbd7 9. O-O Be7 10. a3 O-O 11. b4 b5 12. Qb3 a5 13. Rfc1 Qb6 14. h3 Ra7 15. bxa5 Rxa5 16. Ne5 Nxe5 17. Bxe5 Rfa8 18. a4 Qa7 19. Nxb5 cxb5 20. Rc7 Qb6 21. Rxe7 Qd8 22. Bxf6 gxf6 23. Rb7 bxa4 24. Qa3 Be6 25. Bg4 f5 26. Bf3 Qf8 27. g3 Kg7 28. h4 Kf6 29. Kg2 Qxa3 30. Rxa3 R5a7 31. Rb6 Ra6 32. Rb4 Ra5 33.
Bd1 Bd7 34. Kf3 R8a6 35. Kf4 Kg7 36. Bc2 Kf6 37. Bd3 Ra7 38. f3 Rc7 39. Rb6+ Rc6 40. Rb5 Ra7 41. Rxd5 Rb6 42. Rxd7 Rxd7 43. Rxa4 Re7 44.
Bxf5 Rb3 45. e4 Kg7 46. d5 Rd3 47. Ra6 Rb7 48. h5 Rbb3 49. Bg4 Rd1 50. d6 Rbd3 51.
d7 Rd4 52. Bf5 R1d3 53. g4 Rb4 54. g5 hxg5+ 55. Kxg5 Kf8 56. Ra8+ Ke7 1-0

[Event "*** Titled Tuesday Blitz"]
[Site "Chess.com"]
[Date "2020.10.27"]
[Round "6"]
[White "mr65"]
[Black "TotsukaBlade"]
[Result "0-1"]
[WhiteElo "2202"]
[BlackElo "2434"]
[TimeControl "180+1"]
[EndTime "11:07:30 PDT"]
[Termination "TotsukaBlade won on time"]

1. e4 e5 2. Nf3 Nc6 3. Bb5 a6 4. Ba4 Nf6 5. O-O Be7 6. Re1 b5 7.
Bb3 d6 8. c3 O-O 9. h3 Na5 10.
Bc2 c5 11. d4 Nd7 12. Nbd2 exd4 13. cxd4 Nc6 14. d5 Nce5 15. Nxe5 Nxe5 16. Nf3 Ng6 17. a4 Bd7 18. Bd2 b4 19. b3 f5 20. Rc1 fxe4 21.
Bxe4 Nf4 22. Bxf4 Rxf4 23. Qd3 h6 24. Nd2 Bg5 25. Nc4 Qf6 26. Rc2 Rf8 27. Ree2 Qa1+ 28. Kh2 R4f6 29. g3 Qf1 30. f4 Rxf4 31. Bg2 Rf2 32.
Rxf2 Qxd3 33. Rxf8+ Kxf8 34. Rf2+ Kg8 35. Nxd6 Qxb3 36.
h4 Bf6 37. Ne4 c4 38. d6 c3 39. Nc5 Qf7 40. Nxd7 Qxd7 41. Bd5+ Kh7 42. Bb3 Qxd6 43. Kg2 Kh8 44. Re2 g6 45. h5 gxh5 46. Re8+ Kg7 47.
Rg8+ Kh7 0-1

[Event "*** Titled Tuesday Blitz"]
[Site "Chess.com"]
[Date "2020.10.27"]
[Round "6"]
[White "Lady_Nika"]
[Black "Leonid_Starozhilov"]
[Result "0-1"]
[WhiteElo "2438"]
[BlackElo "2643"]
[TimeControl "180+1"]
[EndTime "11:07:31 PDT"]
[Termination "Leonid_Starozhilov won by checkmate"]

1. d4 Nf6 2. e3 g6 3. f4 Ne4 4.
Nf3 d5 5. Bd3 Bf5 6. O-O Nd7 7.
Nbd2 Bg7 8. Qe2 h5 9. c3 Ndf6 10. Ne5 c6 11. Nxe4 Nxe4 12. Bd2 O-O 13. Be1 Nd6 14. Bxf5 Nxf5 15. e4 dxe4 16. Qxe4 Qd5 17. Qe2 c5 18. dxc5 Qxc5+ 19. Bf2 Qc7 20. Rad1 Rfd8 21.
Qb5 Rd6 22. Rde1 a6 23. Qb3 e6 24. Nc4 Rd3 25. Ne5 Rd2 26. Bb6 Qe7 27. Nc4 Rd5 28.
Ba5 Rxa5 29. Nxa5 Qc5+ 30. Kh1 Qxa5 31. Qxb7 Qd5 32. Qxd5 exd5 33. Rf3 Rb8 34. b3 d4 35.
cxd4 Bxd4 36. Rd3 Rc8 37. h3 h4 38. Red1 Bb6 39. a4 Kg7 40. b4 Rc4 41. a5 Bd4 42. b5 axb5 43. a6 Ra4 44. Rb1 Rxa6 45. Rbd1 b4 46. Rxd4 Nxd4 47. Rxd4 Rb6 48. Rd2 b3 49.
Rb2 Kf6 50. Kg1 Kf5 51. Kf2 Kxf4 52. Ke2 f5 53. Kd3 Kg3 54. Kc4 g5 55. Kc5 Rb8 56.
Kd4 g4 57. hxg4 fxg4 58. Ke3 h3 59. gxh3 gxh3 60. Rb1 h2 61. Kd2 Kg2 62. Kc3 h1=Q 63.
Rxh1 Kxh1 64. Kb2 Kg2 65. Kc1 Kf3 66. Kb2 Ke4 67. Kb1 Kd3 68. Kc1 Kc3 69. Kb1 Rh8 70. Ka1 Rh1# 0-1

[Event "*** Titled Tuesday Blitz"]
[Site "Chess.com"]
[Date "2020.10.27"]
[Round "6"]
[White "TudorAnton"]
[Black "tylityli"]
[Result "1-0"]
[WhiteElo "2496"]
[BlackElo "2236"]
[TimeControl "180+1"]
[EndTime "11:07:31 PDT"]
[Termination "TudorAnton won on time"]

1. d4 Nf6 2. Nf3 d5 3. c4 dxc4 4. Nc3 a6 5. a4 e6 6. e4 Bb4 7. e5 Nd5 8. Bd2 b5 9. axb5 Nb6 10. bxa6 Bxa6 11. Be2 O-O 12. O-O N8d7 13. Re1 Bb7 14. Qc2 Qe7 15. Be3 Nd5 16. Nxd5 exd5 17. Ng5 g6 18. Rf1 Rxa1 19. Rxa1 Ra8 20. Rf1 Nf8 21.
g3 Bc8 22. h4 Bf5 23. Qd1 h6 24. Nf3 Kh7 25. Qc1 Ne6 26. Bxh6 c5 27. Bg5 Nxg5 28. Nxg5+ Kg7 29. Qf4 cxd4 30. Qxd4 Rd8 31. e6+ f6 32. Nf7 Bc5 33. Qf4 Bxe6 34. Nxd8 Qxd8 35.
h5 g5 36. Qd2 d4 37. Re1 Qd5 38.
Bf1 Kf7 39. Bg2 Qf5 40. h6 Kg6 41. Qe2 Bd5 42. Qe8+ Bf7 43. Qh8 d3 44. Be4 d2 45.
Bxf5+ Kxf5 46. Rd1 Bb4 47. Qc8+ Be6 48. Qb7 1-0

[Event "*** Titled Tuesday Blitz"]
[Site "Chess.com"]
[Date "2020.10.27"]
[Round "6"]
[White "German_Bazeev"]
[Black "TheCavemanChesss"]
[Result "1/2-1/2"]
[WhiteElo "2759"]
[BlackElo "2523"]
[TimeControl "180+1"]
[EndTime "11:07:33 PDT"]
[Termination "Game drawn by repetition"]

1. d4 Nf6 2. Nf3 d5 3. c4 e6 4. g3 Be7 5. Bg2 O-O 6. O-O dxc4 7. Qc2 a6 8. Rd1 b5 9. Ne5 Nd5 10. b3 cxb3 11. axb3 Bb7 12. Ba3 Bxa3 13. Nxa3 Nd7 14.
Nd3 Rc8 15. e4 N5f6 16. Qe2 Qe7 17. b4 Rfd8 18. Nc2 h6 19. h3 Ra8 20. f4 Ne8 21.
Qf2 Rab8 22. Re1 Nd6 23. d5 exd5 24. e5 Ne4 25. Qd4 Nxg3 26. Ne3 c6 27. f5 Qg5 28. h4 Nxf5 29. Nxf5 Qxf5 30. Rf1 Qg6 31. Kh2 Nf8 32. Nf4 Ne6 33. Qd2 Nxf4 34. Rxf4 Re8 35. Re1 Re7 36. Bh3 Rbe8 37. Rg1 Qh5 38. Rfg4 Qxe5+ 39. Kh1 f5 40. Rg6 c5 41. Qxh6 d4+ 42. Bg2 Bxg2+ 43. R6xg2 Qe4 44. Kh2 Qe5+ 45. Kh1 Qe4 46. Kh2 Qe5+ 47. Kh1 1/2-1/2

[Event "*** Titled Tuesday Blitz"]
[Site "Chess.com"]
[Date "2020.10.27"]
[Round "6"]
[White "Ural_bogatyr"]
[Black "WuinaterJr"]
[Result "0-1"]
[WhiteElo "2355"]
[BlackElo "2517"]
[TimeControl "180+1"]
[EndTime "11:07:33 PDT"]
[Termination "WuinaterJr won by resignation"]

1. e4 c5 2. Nf3 d6 3. d4 cxd4 4. Qxd4 a6 5. Be3 Nc6 6. Qd2 Nf6 7. Nc3 g6 8. O-O-O Bg7 9. e5 dxe5 10. Qxd8+ Nxd8 11. Nxe5 O-O 12. Be2 h5 13. h3 Nh7 14. Nc4 b5 15. Nb6 Rb8 16. Ncd5 Nc6 17. Nxc8 Rbxc8 18. Kb1 e6 19. Nb6 Rc7 20. Bc5 Re8 21. Bf3 Ne5 22. Bd6 Ra7 23. Bxe5 Bxe5 24. Bc6 Ree7 25. Nc8 Nf6 26. Nxe7+ Rxe7 27. Rd8+ Kg7 28. Ra8 Bd4 29.
f3 Ba7 30. Rd1 Rc7 31. c3 h4 32.
Be4 g5 33. Bc2 Nd5 34. Be4 Ne3 35. Rdd8 Nxg2 36. Rdc8 Rd7 37. Rd8 Rc7 38. Rac8 Re7 39. Rg8+ Kf6 40. Rh8 Nf4 41. Rcg8 Nxh3 42. f4 Nxf4 43.
Bf3 Kf5 44. Bd1 e5 45. Kc2 e4 46. Bh5 e3 47. Kd1 e2+ 48. Bxe2 Nxe2 49. Rf8 Nf4 0-1

[Event "*** Titled Tuesday Blitz"]
[Site "Chess.com"]
[Date "2020.10.27"]
[Round "6"]
[White "MaxLeto"]
[Black "Shuvalov"]
[Result "1-0"]
[WhiteElo "2345"]
[BlackElo "2498"]
[TimeControl "180+1"]
[EndTime "11:07:34 PDT"]
[Termination "MaxLeto won on time"]

1. g4 d5 2. Bg2 e6 3. d4 c5 4. c3 Nc6 5. Nf3 Nf6 6. g5 Ne4 7. h4 Bd6 8. Be3 Qb6 9. Qb3 c4 10.
Qc2 Qc7 11. Nbd2 f5 12. gxf6 Nxd2 13. Bxd2 gxf6 14. e4 Bd7 15. O-O-O O-O-O 16. Rde1 Qa5 17. Kb1 Be8 18. Bh6 dxe4 19. Nd2 f5 20. Nxc4 Qd5 21.
Nxd6+ Qxd6 22. f3 e5 23. Bg5 exf3 24. dxe5 fxg2 25. exd6 gxh1=Q 26. Rxh1 Rxd6 27. Qxf5+ Bd7 28. Qf4 Rd5 29. Re1 Bf5+ 30. Ka1 a6 31. c4 Ra5 32.
b3 h6 33. Bf6 Rg8 34. Bc3 Rc5 35. b4 Nxb4 36. Bxb4 Rg4 37. Qe3 Rcxc4 38. Qe8+ Kc7 39. Qf7+ Bd7 40. Qd5 Rxb4 41. Qc5+ Kd8 42. Rf1 Rgf4 43.
Rxf4 Rxf4 44. Qd6 1-0

[Event "*** Titled Tuesday Blitz"]
[Site "Chess.com"]
[Date "2020.10.27"]
[Round "6"]
[White "DrMamaliga"]
[Black "Klavdia_Nik"]
[Result "1-0"]
[WhiteElo "2349"]
[BlackElo "2065"]
[TimeControl "180+1"]
[EndTime "11:07:35 PDT"]
[Termination "DrMamaliga won on time"]

1. c4 Nf6 2. Nf3 b6 3. g3 Bb7 4. Bg2 g6 5. O-O Bg7 6. Nc3 c5 7. b3 d5 8. cxd5 Nxd5 9. Bb2 O-O 10. e3 Nb4 11. d4 cxd4 12. exd4 e6 13. a3 Nd5 14.
Qd2 Nxc3 15. Bxc3 Bd5 16. Ne5 Bxg2 17. Kxg2 Qd5+ 18. f3 Qxb3 19. Bb4 Rd8 20. Qf4 Qc2+ 21. Rf2 Qf5 22. Qxf5 gxf5 23. Rc1 Na6 24. Nc6 Rd7 25. Ne7+ Kh8 26. Rfc2 Bxd4 27. Rc8+ Rxc8 28. Rxc8+ Kg7 29.
Nc6 Bf6 30. Bf8+ Kg6 31. h4 h5 32. Kh3 Nc5 33. Nb4 a5 34. Nc2 Nd3 35. Ne3 e5 36.
Rc6 f4 37. Nc4 fxg3 38. Kxg3 Kf5 39. Ne3+ Kg6 40. a4 Nf4 41. Nc4 Rd4 42. Nxe5+ Kf5 43. Nxf7 Rd2 44. Nh6+ Kg6 45. Kxf4 1-0

[Event "*** Titled Tuesday Blitz"]
[Site "Chess.com"]
[Date "2020.10.27"]
[Round "6"]
[White "aleksey1203borisovi4"]
[Black "indfraeng"]
[Result "0-1"]
[WhiteElo "2494"]
[BlackElo "2365"]
[TimeControl "180+1"]
[EndTime "11:07:39 PDT"]
[Termination "indfraeng won on time"]

1. g3 d5 2. Bg2 Nf6 3. d3 c5 4.
Nc3 Nc6 5. Bg5 e6 6. e4 d4 7. Nce2 e5 8. Nf3 Be7 9. O-O h6 10. Bd2 Be6 11. b3 b5 12. a4 a6 13. h3 O-O 14. Kh2 c4 15. axb5 axb5 16. bxc4 bxc4 17.
Nh4 c3 18. Rxa8 Qxa8 19. Bc1 Qa2 20. f4 Bd6 21. Rf2 Nb4 22. fxe5 Bxe5 23. Nf4 Bb3 24.
Nf5 Bxc2 25. Qf3 Qb3 26. Ne7+ Kh7 27. Nh5 Nxh5 28. Qxh5 Qe6 29. Nd5 Nxd5 30. exd5 Qd6 31. Rxc2 Bxg3+ 32. Kh1 Re8 33. Be4+ Kg8 34. Rg2 Bf4 35.
Qg4 Bg5 36. h4 Qf6 37. hxg5 Qf1+ 38. Kh2 Qxc1 39. gxh6 Qxh6+ 40. Qh3 Qf4+ 41. Qg3 Qh6+ 42. Kg1 Ra8 43. Kf2 Ra2+ 44. Kf3 Qe3+ 0-1

[Event "*** Titled Tuesday Blitz"]
[Site "Chess.com"]
[Date "2020.10.27"]
[Round "6"]
[White "albano87"]
[Black "WPWPWP-2015"]
[Result "0-1"]
[WhiteElo "2298"]
[BlackElo "2477"]
[TimeControl "180+1"]
[EndTime "11:07:39 PDT"]
[Termination "WPWPWP-2015 won on time"]

1. e4 c5 2. Nf3 d6 3. d4 cxd4 4.
Qxd4 Nc6 5. Bb5 e5 6. Bxc6+ bxc6 7. Qd3 f5 8. Bg5 Qa5+ 9. Nc3 Ba6 10. Qd2 fxe4 11. Nxe4 Qxd2+ 12. Nexd2 h6 13. Be3 Nf6 14. O-O-O Be7 15. Nh4 Kf7 16. Nf5 Bf8 17. f3 Ke6 18.
Ng3 Nd5 19. Rhe1 Nxe3 20. Rxe3 g5 21. Nb3 c5 22. Ne4 Be7 23. Rde1 Kf7 24. Ng3 Rad8 25. Nf5 Bf8 26. Rd1 Bc8 27. Ng3 Be7 28. Ne4 Bb7 29. Na5 Ba8 30. Nc4 Ke6 31. Nc3 Bf6 32. Red3 d5 33. Na3 c4 34. R3d2 g4 35. fxg4 Bg5 36. Ncb5 Rd7 37. Kb1 Bxd2 38. Rxd2 Rf8 39. b3 a6 40. Nc3 d4 41. Nd1 c3 42. Re2 Rf1 43. Kc1 Bd5 44. Nb1 Rdf7 45. h3 Rg1 46. Na3 Rff1 0-1

[Event "*** Titled Tuesday Blitz"]
[Site "Chess.com"]
[Date "2020.10.27"]
[Round "6"]
[White "Neftegor"]
[Black "Matols"]
[Result "1-0"]
[WhiteElo "2461"]
[BlackElo "2246"]
[TimeControl "180+1"]
[EndTime "11:07:39 PDT"]
[Termination "Neftegor won on time"]

1. Nf3 Nf6 2. c4 e6 3. g3 b6 4. Bg2 Bb7 5. O-O Be7 6. d4 O-O 7. Nc3 d5 8. cxd5 exd5 9. Bf4 Nbd7 10. Rc1 c6 11. h4 Re8 12. Re1 Rc8 13. Bh3 Ra8 14.
Kh2 Ne4 15. Nxe4 dxe4 16. Ne5 Nxe5 17. Bxe5 c5 18. Qa4 cxd4 19. Bd7 Bc5 20. Bxe8 Qxe8 21. Qxe8+ Rxe8 22. Bf4 f5 23. Red1 a5 24. a3 a4 25. Bd2 Ba6 26. Re1 d3 27. exd3 Bxd3 28. Be3 Bxe3 29. fxe3 b5 30. Rc5 g6 31. Rec1 Bc4 32. Rd1 Re7 33. Rd6 Kf7 34. Rdc6 Rd7 35. Rc7 Ke7 36. Rxd7+ Kxd7 37. h5 Bd3 38. h6 Bc4 39.
Kh3 Bb3 40. Kh4 Bc4 41. Kg5 Ke7 42. Rc7+ Ke6 43. Rxh7 Ke5 44. Re7+ Kd6 45. Ra7 1-0

[Event "*** Titled Tuesday Blitz"]
[Site "Chess.com"]
[Date "2020.10.27"]
[Round "6"]
[White "BilodeauA"]
[Black "Alexsur1981"]
[Result "1-0"]
[WhiteElo "2911"]
[BlackElo "2771"]
[TimeControl "180+1"]
[EndTime "11:07:41 PDT"]
[Termination "BilodeauA won by resignation"]

1. e4 c5 2. Nf3 e6 3. d4 cxd4 4. Nxd4 Nf6 5. Nc3 Nc6 6. Ndb5 Bc5 7. Bf4 O-O 8. Bc7 Qe7 9. Bd6 Bxd6 10. Qxd6 Qd8 11. Qd2 d5 12. exd5 exd5 13. O-O-O a6 14. Nd4 Bd7 15. f3 Rc8 16. Kb1 Ne5 17. g4 Bc6 18. h4 Nfd7 19. h5 Re8 20. Be2 Nb6 21. Nf5 Bd7 22. Nd6 Nec4 23. Bxc4 Nxc4 24. Nxc4 Rxc4 25. Qxd5 Rc7 26. Ne4 Qe7 27. h6 Bc6 28. Qd4 Qe5 29. Qxe5 Rxe5 30. Rd8+ Re8 31. Rxe8+ Bxe8 32. hxg7 Kxg7 33. Nd6 Bc6 34. Nf5+ Kf6 35. Nd4 Kg6 36.
c3 Bd7 37. Rh5 Rc8 38. Kc2 Re8 39. Kd2 f6 40. Rd5 Re7 41. Rd6 Kg5 42. b3 Rf7 43. a4 Kf4 44. a5 f5 45. gxf5 Bxf5 46. c4 h5 47. Ke1 Bd7 48. Kf2 h4 49. Rd5 Re7 50.
Ne2+ Rxe2+ 51. Kxe2 Be6 52. Rh5 Kg3 53. Rh7 h3 54.
Rg7+ 1-0

[Event "*** Titled Tuesday Blitz"]
[Site "Chess.com"]
[Date "2020.10.27"]
[Round "6"]
[White "kingofthenil"]
[Black "DenisQ"]
[Result "1/2-1/2"]
[WhiteElo "2481"]
[BlackElo "2645"]
[TimeControl "180+1"]
[EndTime "11:07:41 PDT"]
[Termination "Game drawn by repetition"]

1. e4 c6 2. c4 e5 3. Nc3 d6 4. g3 g6 5. Bg2 Bg7 6. Nge2 Nf6 7. O-O O-O 8. h3 Re8 9. d3 Nbd7 10. Be3 a5 11. Qd2 Nc5 12. f4 exf4 13. gxf4 a4 14.
f5 a3 15. b3 Nh5 16. Nf4 Nxf4 17. Rxf4 gxf5 18. Raf1 Ne6 19. Rxf5 Rf8 20. d4 c5 21.
dxc5 dxc5 22. Nd5 Nd4 23. Rg5 Ra6 24. e5 Rg6 25. Be4 Bxh3 26. Rf6 Kh8 27. Qh2 Bg4 28. Bxd4 cxd4 29. Bxg6 fxg6 30. Rxf8+ Qxf8 31. Rxg4 Qf3 32. Qf4 Qd1+ 33. Kh2 Qe2+ 34. Rg2 Qh5+ 35. Kg1 d3 36. Nf6 Qd1+ 37. Kh2 Qe1 38. Rd2 h5 39. Rxd3 Qe2+ 40. Kh1 Qxd3 41. Qg5 Qb1+ 42. Qg1 Qxa2 43. Qxg6 Qa1+ 44.
Kg2 Qb2+ 45. Kh1 Qa1+ 46. Kg2 Qb2+ 47. Kh1 Qa1+ 1/2-1/2

[Event "*** Titled Tuesday Blitz"]
[Site "Chess.com"]
[Date "2020.10.27"]
[Round "6"]
[White "BigAl"]
[Black "Fortitudine"]
[Result "1-0"]
[WhiteElo "2474"]
[BlackElo "2295"]
[TimeControl "180+1"]
[EndTime "11:07:42 PDT"]
[Termination "BigAl won by resignation"]

1. e4 c5 2. c3 Nf6 3. e5 Nd5 4. d4 cxd4 5. Nf3 Nc6 6. Bc4 Nb6 7.
Bb3 d5 8. exd6 Qxd6 9. Na3 Be6 10. O-O Bxb3 11. Qxb3 e6 12. Nb5 Qd7 13. Rd1 Na5 14.
Qc2 Qxb5 15. Nxd4 Qc4 16. b3 Qc7 17. Qe4 Be7 18. Nb5 Qc8 19. Bg5 f6 20. Be3 O-O 21. Rd3 Nc6 22. Bxb6 axb6 23. Rh3 f5 24. Qf3 Bf6 25. Re1 Qe8 26. Nc7 Qg6 27. Nxa8 Rxa8 28.
Rxe6 Rxa2 29. Qd1 Qf7 30. Re1 g6 31. Rd3 Ne7 32. c4 Ra1 33. Qe2 Rxe1+ 34. Qxe1 Kg7 35.
g3 Nc6 36. Qe3 Ne5 37. Rd5 Nc6 38. Qxb6 Ne7 39. Rd7 g5 40. Qxb7 Qe6 41. Rd1 Kg6 42. Qd7 Qe4 43. Qd3 Qe5 44. b4 Nc6 45. b5 Nd4 46. g4 Nxb5 47. cxb5 h5 48. Qxf5+ Qxf5 49. gxf5+ Kxf5 50. b6 Be5 51. Rd5 Ke6 52. Rxe5+ 1-0

[Event "*** Titled Tuesday Blitz"]
[Site "Chess.com"]
[Date "2020.10.27"]
[Round "6"]
[White "Ind1anStar"]
[Black "m-garcett"]
[Result "1-0"]
[WhiteElo "2411"]
[BlackElo "2069"]
[TimeControl "180+1"]
[EndTime "11:07:42 PDT"]
[Termination "Ind1anStar won by resignation"]

1. d4 Nf6 2. Nf3 g6 3. Bf4 d6 4. e3 Bg7 5. h3 O-O 6. Be2 c5 7.
O-O Qb6 8. Nbd2 cxd4 9. Nc4 Qc5 10. exd4 Qf5 11. Bh2 Nc6 12. c3 h5 13. Bd3 Qd7 14. Re1 a6 15. a4 Qd8 16. a5 Bd7 17. Nb6 Rb8 18. b4 Na7 19. Qb3 Bc6 20. Bxg6 Bxf3 21.
gxf3 d5 22. Bxb8 Qxb8 23. Bd3 Qf4 24. Bf1 Qxf3 25. Bg2 Qf5 26. Re5 Qg6 27. Nxd5 Nxd5 28. Rxd5 e6 29. Rd7 Nb5 30. Rc1 Rc8 31. Qb2 Qg5 32.
Rc2 Qg6 33. Rc1 Qg5 34. h4 Qxh4 35. Qd2 Qg4 36. Kf1 h4 37. Qe2 Qg5 38. Qe3 Qg6 39. Qf3 Nxd4 40. Qxb7 Qd3+ 41. Kg1 Ne2+ 42. Kh1 Rxc3 43.
Rxd3 Rxc1+ 44. Bf1 Rxf1+ 45. Kg2 Rg1+ 46. Kf3 Nd4+ 47.
Rxd4 Bxd4 48. Qb8+ Kg7 49. Qh2 e5 50. Qxg1+ 1-0

[Event "*** Titled Tuesday Blitz"]
[Site "Chess.com"]
[Date "2020.10.27"]
[Round "6"]
[White "keepitcoming"]
[Black "nitpicker"]
[Result "1-0"]
[WhiteElo "2544"]
[BlackElo "2260"]
[TimeControl "180+1"]
[EndTime "11:07:42 PDT"]
[Termination "keepitcoming won by resignation"]

1. d4 Nf6 2. c4 e6 3. Nc3 Bb4 4. e3 d5 5. Ne2 O-O 6. a3 Bd6 7. c5 Be7 8. b4 c6 9. Ng3 Nbd7 10.
Bd3 e5 11. O-O e4 12. Be2 Re8 13. b5 Nf8 14. a4 g6 15. h3 h5 16. Re1 N8h7 17. a5 Bd7 18. b6 a6 19. Bf1 Qc8 20. Nce2 g5 21. Nc3 Kh8 22. Nxh5 Rg8 23. Ng3 Ne8 24. Be2 f5 25. Qc2 Ng7 26. Qd2 Qf8 27. Rb1 Qf6 28. Bd1 Raf8 29. Bb3 Qg6 30. Nxd5 cxd5 31.
Bxd5 Bc8 32. c6 bxc6 33. Bxg8 Kxg8 34. b7 Bxb7 35. Rxb7 Qf6 36. Qa2+ Kh8 37. Ba3 Bxa3 38. Qxa3 f4 39. Nxe4 Qe6 40. Qd6 Qxe4 41. Qe5 Qxe5 42.
dxe5 Ne6 43. exf4 gxf4 44. Rb6 Rc8 45. Rxa6 Nhf8 46. Rb6 c5 47. a6 c4 48. a7 Ra8 49.
Ra1 Nc7 50. Rb8 Kg7 51. Rxa8 Nxa8 52. Rb1 Nc7 53. Rb8 c3 54. a8=Q Nxa8 55. Rxa8 Ne6 56. Rc8 Nd4 57. Kf1 c2 58. Ke1 Kf7 59. Kd2 Ke6 60.
Rc4 Kxe5 61. h4 c1=Q+ 62. Kxc1 Ne2+ 63. Kd2 Nd4 64. Rxd4 Kxd4 65. Ke2 Ke4 66. h5 Kf5 67. Kf3 1-0

[Event "*** Titled Tuesday Blitz"]
[Site "Chess.com"]
[Date "2020.10.27"]
[Round "6"]
[White "Fh2411"]
[Black "nubair1198"]
[Result "1/2-1/2"]
[WhiteElo "2525"]
[BlackElo "2821"]
[TimeControl "180+1"]
[EndTime "11:07:43 PDT"]
[Termination "Game drawn - insufficient material"]

1. d4 d5 2. Nf3 Nf6 3. Bf4 c5 4. e3 Nc6 5. Nbd2 Bg4 6. c3 e6 7. Qb3 Qc8 8. Bb5 Nd7 9. h3 Bh5 10. O-O Be7 11. Rac1 a6 12. Bxc6 Qxc6 13. c4 dxc4 14.
Qxc4 O-O 15. dxc5 Qxc5 16. Qd3 Qb5 17. Qxb5 axb5 18. Rc7 Rfd8 19. Rxb7 Rxa2 20. Rxb5 Nc5 21. b4 Bxf3 22. Nxf3 Nd3 23. Bc7 Rc8 24. Ba5 g6 25. Rb7 Bxb4 26. Bxb4 Rb2 27. Rd1 Rxb4 28. Rxb4 Nxb4 29.
g4 Rc7 30. g5 Kg7 31. h4 h6 32. Kg2 Nd5 33. Kg3 Rc4 34. Ra1 Nc3 35. Ra7 Ne4+ 36. Kg2 Rc2 37. gxh6+ Kxh6 38. Rxf7 Rxf2+ 39. Kh3 Re2 40. Kg4 Rxe3 41. Kf4 Re1 42. Re7 Re2 43. Ng5 Nf6 44.
Rf7 Rf2+ 45. Ke5 Ng4+ 46. Kxe6 Rxf7 47. Kxf7 Ne5+ 48. Kf6 Ng4+ 49. Kf7 Kh5 50. Ne6 Ne5+ 51. Kf6 Nd7+ 52. Kg7 Ne5 53. Nf4+ Kxh4 54. Nxg6+ 1/2-1/2

[Event "*** Titled Tuesday Blitz"]
[Site "Chess.com"]
[Date "2020.10.27"]
[Round "6"]
[White "Supernotar"]
[Black "ChessQueen"]
[Result "0-1"]
[WhiteElo "2849"]
[BlackElo "2745"]
[TimeControl "180+1"]
[EndTime "11:07:44 PDT"]
[Termination "ChessQueen won by resignation"]

1. d4 Nf6 2. c4 e6 3. Nf3 b6 4. g3 Bb7 5. Bg2 Be7 6. Nc3 O-O 7. O-O Ne4 8. Bd2 d6 9. d5 Nxd2 10. Qxd2 e5 11. e4 Bc8 12. Ne1 f5 13. exf5 Bxf5 14.
Nd3 Nd7 15. Ne4 a5 16. Rae1 Bf6 17. f4 exf4 18. Nxf4 Ne5 19. Ne6 Bxe6 20. dxe6 Rb8 21. b3 Kh8 22. Nc3 Qe8 23. Nd5 Qxe6 24. Nxc7 Qd7 25.
Nd5 b5 26. Nxf6 gxf6 27. cxb5 Rxb5 28. Be4 Rc5 29. Kh1 d5 30. Bf5 Qc7 31. Bb1 Qd6 32. Qh6 Rf7 33. Rf5 d4 34. Be4 d3 35. Rh5 Rcc7 36.
Rd1 Ng4 37. Qd2 f5 38. Bf3 Ne5 39. Bg2 Rc2 40. Qe3 Rxg2 41. Kxg2 Qd5+ 42. Kh3 Qe6 43.
Rxd3 f4+ 44. g4 fxe3 45. Rd8+ Kg7 46. Rg5+ Kf6 47. Rf5+ Ke7 48. Rxf7+ Qxf7 49. Ra8 Qf3+ 50. Kh4 Qxa8 51. Kg5 Qf3 0-1

[Event "*** Titled Tuesday Blitz"]
[Site "Chess.com"]
[Date "2020.10.27"]
[Round "6"]
[White "Kazmin_Dmitrij"]
[Black "azikom"]
[Result "1-0"]
[WhiteElo "2277"]
[BlackElo "2556"]
[TimeControl "180+1"]
[EndTime "11:07:44 PDT"]
[Termination "Kazmin_Dmitrij won on time"]

1. e4 c5 2. f4 e6 3. Nf3 d5 4.
Bb5+ Nc6 5. Qe2 Nf6 6. e5 Nd7 7. O-O Be7 8. c3 Qb6 9. Bxc6 bxc6 10. d4 Ba6 11. Qf2 Bxf1 12. Qxf1 cxd4 13. cxd4 c5 14. dxc5 Bxc5+ 15. Kh1 O-O 16. Nc3 Rfc8 17. Qd3 Be7 18. Rb1 Qb4 19. Be3 Nc5 20. Qd2 Ne4 21. Nxe4 Qxe4 22.
Re1 Rc2 23. Qd4 Qxd4 24. Bxd4 a5 25. a3 Rac8 26. Bc3 a4 27. Nd4 R2xc3 28. bxc3 Rxc3 29. Rb1 g6 30. Nb5 Rb3 31. Rxb3 axb3 32. Nc3 Bxa3 33. Nb1 Bb4 34. Kg1 d4 35. Kf2 d3 36.
Ke3 d2 37. Ke2 Kf8 38. Nxd2 Bxd2 39. Kxd2 Ke7 40. Kc3 Kd7 41. Kxb3 Kc6 42. Kc4 1-0